Map: Eternal Empire LE

Players

Future - Winner!

  • Race: Terran Terran
  • Spawn Location: 1:00

Namshar

  • Race: Zerg Zerg
  • League: Master
  • Spawn Location: 7:00

Event: DreamHack SC2 Masters 2020 Summer North America

VOD

Have the link to the VOD?

Description

Time

  • Played on: July 5, 2020, 3:21 p.m.
  • Length: 12:46

All games in this series

Show
View Real Time Build Order
Export as new Build Order

Future Terran - Winner!

Build Orders: Reaper Expand 

Get SALT Encoding   

  12  0:00  SCV  
  13  0:12  SCV  
  14  0:17  Supply Depot  
  14  0:25  SCV  
  15  0:39  SCV, Barracks  
  16  0:44  Refinery  
  16  0:51  SCV  
  17  1:03  SCV  
  18  1:15  SCV  
  19  1:26  Reaper  
  19  1:27  Orbital Command  
  20  1:39  Command Center  
  20  1:50  Supply Depot  
  20  1:52  SCV  
  21  1:58  Marine  
  22  2:04  SCV  
  23  2:09  Factory  
  23  2:16  SCV  
  23  2:17  Refinery  
  23  2:18  Marine  
  25  2:29  SCV  
  26  2:32  Bunker  
  26  2:37  Marine  
  26  2:41  SCV  
  28  2:53  SCV, Factory Tech Lab  
  28  2:54  Starport  
  28  2:55  Marine  
  30  3:03  Orbital Command  
  30  3:11  SCV  
  31  3:15  Cyclone  
  34  3:23  SCV  
  32  3:42  Supply Depot  
  31  3:52  Supply Depot  
  31  4:00  Cloaking Field  
  31  4:01  Factory Tech Lab  
  31  4:18  Supply Depot  
  31  4:39  Banshee  
  31  4:40  SCV, Supply Depot, Cyclone  
  31  4:41  Barracks Reactor  
  38  4:52  SCV  
  39  5:03  Supply Depot  
  39  5:04  SCV  
  40  5:12  Siege Tank  
  43  5:16  SCV  
  44  5:22  Marine  
  44  5:23  Marine  
  46  5:31  Supply Depot  
  46  5:32  Raven  
  48  5:50  Command Center  
  48  5:55  Marine x2  
  50  5:59  Siege Tank  
  51  6:06  SCV  
  50  6:13  Marine  
  50  6:17  Supply Depot  
  50  6:18  Banshee  
  55  6:32  SCV  
  55  6:35  Marine x2  
  60  6:48  SCV  
  61  6:59  Barracks x2  
  61  7:00  SCV  
  59  7:04  Factory Reactor  
  59  7:08  Starport Reactor  
  59  7:11  Stimpack, Marine  
  59  7:12  SCV  
  61  7:24  SCV  
  61  7:28  Engineering Bay  
  62  7:33  Orbital Command  
  62  7:36  SCV  
  63  7:40  Refinery  
  63  7:44  Marine  
  63  7:48  SCV  
  65  7:51  Marine x2  
  65  7:58  Marine x2  
  68  8:00  SCV x2  
  68  8:04  Terran Infantry Weapons Level 1  
  71  8:12  SCV x2  
  73  8:13  Medivac  
  73  8:16  Medivac  
  77  8:23  Siege Tank  
  77  8:24  SCV  
  81  8:30  Marine x2  
  81  8:31  SCV  
  81  8:32  Marine x2  
  83  8:36  SCV  
  84  8:41  Marine  
  84  8:45  Supply Depot  
  84  8:46  Supply Depot  
  84  8:48  Medivac  
  87  8:49  Medivac  
  87  8:51  Combat Shield  
  87  8:54  Marine x3  
  92  8:56  Marine  
  92  9:00  SCV  
  94  9:04  Refinery  
  94  9:07  SCV, Marine  
  96  9:10  Siege Tank  
  96  9:13  Marine x2  
  96  9:14  Marine  
  102  9:18  Medivac  
  104  9:25  Supply Depot, Marine  
  102  9:38  Marine x2  
  101  9:39  Marine  
  101  9:42  Siege Tank  
  106  9:52  Marine x2  
  106  9:54  Medivac x2  
  106  9:56  Marine x2  
  106  9:58  Marine  
  113  10:10  Marine  
  113  10:11  Marine  
  103  10:14  Siege Tank  
  103  10:20  Marine  
  103  10:21  Marine  
  94  10:24  Command Center  
  94  10:26  Marine  
  93  10:29  Liberator  
  93  10:32  Liberator  
  93  10:34  Marine  
  98  10:37  Marine  
  96  10:47  Marine, Siege Tank  
  95  10:50  Terran Infantry Armor Level 1  
  95  10:56  Marine x3  
  97  11:04  Marine  
  98  11:11  Marine  
  99  11:14  Marine x3  
  102  11:20  Siege Tank  
  102  11:21  Marine  
  102  11:35  Marine  
  102  11:37  Liberator  
  102  11:38  Marine, Liberator  
  102  11:39  Marine  
  107  11:51  Marine  
  107  11:52  Siege Tank  
  110  11:59  Marine  
  110  12:00  Marine x2  
  112  12:02  Missile Turret  
  112  12:09  Missile Turret, Marine  
  112  12:10  Marine  
  111  12:17  Marine  
Show
View Real Time Build Order
Export as new Build Order

Namshar Zerg 

Build Orders: Hatch First, Ravager All-In 

Get SALT Encoding   

  12  0:00  Drone  
  13  0:12  Overlord  
  13  0:17  Drone  
  14  0:30  Drone x2  
  14  0:34  Drone  
  17  0:53  Hatchery  
  17  0:55  Drone  
  17  1:09  Spawning Pool  
  16  1:11  Extractor  
  16  1:13  Drone  
  16  1:17  Drone  
  17  1:20  Drone  
  18  1:28  Drone  
  19  1:38  Drone  
  20  1:50  Drone  
  21  1:54  Extractor  
  21  1:56  Roach Warren, Queen  
  21  2:02  Drone  
  21  2:06  Queen  
  21  2:08  Zergling x2  
  25  2:17  Overlord  
  25  2:27  Overlord  
  25  2:36  Roach x2  
  29  2:40  Roach  
  30  2:52  Roach  
  30  2:57  Ravager x2  
  34  3:02  Ravager  
  34  3:05  Roach  
  37  3:06  Queen  
  39  3:17  Overlord  
  39  3:20  Ravager  
  40  3:31  Ravager  
  41  3:40  Roach x2  
  42  3:59  Drone  
  42  4:00  Drone x2  
  45  4:08  Ravager  
  45  4:09  Hatchery  
  45  4:16  Ravager  
  46  4:29  Lair, Drone  
  44  4:39  Drone  
  44  4:44  Drone  
  46  4:56  Spore Crawler  
  45  5:06  Spore Crawler  
  41  5:10  Spore Crawler, Queen  
  41  5:12  Roach x3  
  48  5:19  Overlord  
  48  5:33  Queen  
  47  5:37  Ravager  
  47  5:38  Ravager x2  
  47  5:42  Metabolic Boost  
  50  5:43  Drone  
  50  5:44  Drone  
  50  5:47  Drone  
  53  5:54  Drone x2  
  53  5:55  Drone  
  53  6:10  Drone x3  
  53  6:14  Drone  
  53  6:15  Drone  
  52  6:24  Overseer  
  52  6:29  Drone x5  
  57  6:45  Hatchery  
  56  6:48  Overlord  
  56  6:49  Drone x2  
  56  6:53  Overlord, Extractor  
  57  6:54  Extractor  
  57  7:00  Overlord  
  57  7:01  Drone  
  58  7:07  Drone x3  
  58  7:08  Drone x2  
  63  7:16  Overlord  
  63  7:19  Drone x3  
  66  7:26  Drone  
  67  7:31  Evolution Chamber  
  67  7:33  Evolution Chamber  
  67  7:35  Drone x4  
  67  7:36  Baneling Nest  
  68  7:44  Drone x2  
  70  7:46  Zergling x2  
  70  7:47  Zergling x4  
  70  7:50  Queen  
  75  7:51  Drone  
  75  7:57  Drone x4  
  80  8:00  Queen  
  80  8:03  Overlord  
  82  8:09  Drone  
  82  8:10  Drone x2  
  85  8:20  Overlord  
  85  8:21  Hatchery, Overlord  
  85  8:23  Centrifical Hooks  
  85  8:26  Zerg Melee Weapons Level 1, Zerg Ground Armor Level 1  
  84  8:35  Drone x8  
  84  8:39  Extractor x2  
  90  8:41  Spire  
  89  8:52  Extractor  
  89  8:53  Zergling x2  
  89  8:54  Zergling x16  
  97  9:08  Overlord x2  
  97  9:09  Zergling x12  
  103  9:16  Baneling  
  103  9:17  Baneling x15  
  103  9:23  Zergling x2  
  103  9:24  Zergling x10  
  108  9:38  Zergling x12  
  111  9:42  Baneling  
  111  9:45  Zergling x6  
  113  9:52  Zergling x8, Roach  
  114  9:53  Hatchery  
  114  9:57  Baneling x9  
  114  9:59  Zergling x4  
  111  10:03  Zergling x6  
  111  10:05  Zergling x2  
  111  10:06  Zergling x2  
  109  10:14  Baneling x3  
  100  10:16  Zergling x4, Roach  
  100  10:20  Zergling x4, Roach  
  100  10:25  Ravager  
  100  10:27  Zergling x2, Roach  
  100  10:28  Zergling x2  
  100  10:35  Zergling x4, Queen, Roach  
  101  10:38  Zergling x2, Roach  
  101  10:41  Roach  
  97  10:45  Zergling x4, Roach  
  97  10:48  Ravager x2  
  97  10:49  Zergling x4, Ravager, Roach  
  96  10:52  Baneling x3  
  96  10:53  Baneling  
  96  10:55  Baneling x2  
  94  11:01  Ravager  
  94  11:02  Ravager  
  94  11:03  Zergling x2, Roach  
  94  11:08  Zergling x2, Roach  
  90  11:13  Queen  
  92  11:21  Mutalisk  
  92  11:22  Mutalisk x2  
  94  11:27  Mutalisk  
  94  11:28  Mutalisk  
  94  11:30  Ravager x2  
  100  11:37  Zergling x8, Roach  
  102  11:40  Ravager  
  103  11:51  Zergling x12  
  109  11:56  Zergling x4, Roach  
  109  11:59  Baneling  
  100  12:06  Zergling x6, Roach  
  105  12:11  Ravager  
  105  12:12  Baneling  
  105  12:13  Zergling x2, Baneling x3  
  105  12:14  Zergling x8  
  107  12:19  Zergling x2  
  102  12:27  Zergling x2, Roach  
Tags
 
Add a new tag
Caveats
  • Supply blocks, unpowered buildings, or Contaminate may cause inaccurate times.
  • Supply counts are checked every 10 seconds.